 Dungeon Crawl Stone Soup version 0.30.1-11-g7821555f0a (webtiles) character file.

Game seed: 14648757293883556261

433 monsoonserge the Magician (level 7, -3/46 HPs)
             Began as a Djinni Venom Mage on Dec 8, 2023.
             Slain by Duvessa
             ... wielding a +0 short sword
              (13 damage)
             ... on level 4 of the Dungeon.
             The game lasted 00:12:36 (2905 turns).

monsoonserge the Magician (Djinni Venom Mage)       Turns: 2905, Time: 00:12:36

Health: -3/46      AC:  3    Str:  7    XL:     7   Next: 20%
Gold:   230        EV: 13    Int: 18    God:
                   SH:  0    Dex: 20

rFire   + + .        d - staff of conjuration
rCold   x . .        (no shield)
rNeg    . . .        a - +0 robe
rPois   ∞            q - +0 helmet
rElec   .            (no cloak)
rCorr   .            (no gloves)
SInv    +            (boots unavailable)
Will    .....        (no amulet)
Stlth   ++           f - ring of see invisible
HPRegen 0.27/turn    m - +6 ring of dexterity
MPRegen 0.00/turn

%: infuse magic (-4 HP)
@: flying
A: sickness immunity, fire resistance 2, cold vulnerability 1, float, innate
caster, HP casting, extra vitality 1
a: no special abilities


You were on level 4 of the Dungeon.
You visited 1 branch of the dungeon, and saw 4 of its levels.

You collected 230 gold pieces.

Inventory:

Hand Weapons
 l - a +2 dagger of draining
 v - a +2 short sword of electrocution
Missiles
 i - 3 boomerangs
 k - 2 throwing nets
 u - 3 poisoned darts
 w - 6 silver javelins (quivered)
Armour
 a - a +0 robe (worn)
 j - a +1 scale mail of willpower
 q - a +0 helmet (worn)
Magical Staves
 d - a staff of conjuration (weapon)
Jewellery
 f - a ring of see invisible (left hand)
 m - a +6 ring of dexterity (right hand)
Wands
 r - a wand of polymorph (7)
Scrolls
 b - 6 scrolls of identify {unknown}
 c - a scroll of enchant armour {unknown}
 o - a scroll of teleportation {unknown}
 p - a scroll of blinking {unknown}
 x - a scroll of magic mapping {unknown}
Potions
 e - 4 potions of ambrosia {unknown}
 g - 3 potions of curing {unknown}
 h - a potion of haste {unknown}
 n - 2 potions of flight {unknown}
 s - a potion of might {unknown}
 t - a potion of brilliance {unknown}


   Skills:
 + Level 0.3 Fighting
 + Level 2.3 Dodging
 - Level 2.0 Stealth
 * Level 5.7 Spellcasting


You knew the following spells:

 Your Spells              Type           Power      Damage    Failure   Level
a - Sting                 Tmut/Pois      100%       1d8       1%          1
b - Poisonous Vapours     Pois/Air       50%        N/A       1%          2
c - Mephitic Cloud        Conj/Pois/Air  38%        N/A       3%          3
d - Olgreb's Toxic Radia  Pois           25%        N/A       12%         4
e - Shock                 Conj/Air       100%       1d9       1%          1
f - Searing Ray           Conj           76%        2d7       1%          2
g - Dazzling Flash        Conj/Hex       76%        N/A       3%          3
Your spell library was empty.

Dungeon Overview and Level Annotations

Branches:
Dungeon (4/15)
 Temple: D:4-7

Altars:

Annotations:
D:4 Duvessa


Innate Abilities, Weirdness & Mutations

You are immune to sickness and miasma.
You are immune to poison.
Your flesh is very heat resistant. (rF++)
You are vulnerable to cold. (rC-)
You float through the air rather than walking.
You learn spells naturally, not from books.
Your magical power is your life essence.
You have superior vitality. (+4 MHP)


Message History

Press: ? - help, Shift-Dir - straight line, f/p - Dowan
Aim: Dowan, wielding a +0 dagger and wearing a +0 robe (almost dead, confused, very poisoned, 88% to hit)
Okay, then.
Casting: Shock (safe; 1% risk of failure)
Confirm with . or Enter, or press ? or * to list all spells.
The spell is quite dangerous to miscast (13% risk of failure)!
Continue anyway?
You begin to radiate toxic energy.
Duvessa looks even sicker.
You kill Dowan!
Duvessa screams, "No!
How DARE you!"
Duvessa goes berserk!
Unknown command.
Casting: Olgreb's Toxic Radiance (quite dangerous; 12% risk of failure)
Confirm with . or Enter, or press ? or * to list all spells.
Aiming: Searing Ray (safe; 1% risk of failure)
Press: ? - help, Shift-Dir - straight line, f - Duvessa
Aim: Duvessa, wielding a +0 short sword and wearing a +0 ring mail (lightly wounded, berserk, very poisoned, 86% to hit)
You feel a surge of power!
The searing ray hits Duvessa!
Duvessa is moderately wounded. (Press . to maintain the ray.)
Your toxic aura wanes.
The searing ray hits Duvessa.
Duvessa is heavily wounded.
Duvessa rages.
Duvessa hits you with a +0 short sword!
The searing ray hits Duvessa.
Duvessa is heavily wounded.
Duvessa hits you with a +0 short sword!
* * * LOW HITPOINT WARNING * * *
Casting: Searing Ray (safe; 1% risk of failure)
Confirm with . or Enter, or press ? or * to list all spells.
Aiming: Mephitic Cloud (dangerous; 3% risk of failure)
Press: ? - help, Shift-Dir - straight line, f/p - Duvessa
Aim: Duvessa, wielding a +0 short sword and wearing a +0 ring mail (heavily wounded, berserk, very poisoned, chance to affect: 81%)
You feel a surge of power!
The ball explodes into a vile cloud!
The stinking cloud engulfs Duvessa but does no damage.
Duvessa is heavily wounded.
The stinking cloud engulfs you but does no damage.
* * * LOW HITPOINT WARNING * * *
Duvessa is engulfed in noxious fumes.
Duvessa hits you with a +0 short sword!
You die...

....#######.........#e...#
....# #.........#....#
....# #####.....#)...###
....# #.....'......# ....#
#.....#......# ....#
#####.....######## ....#
#.....§§☼....... ....#
#.....☼e......##
....###+###.....@○§....##
...............#####..##
...........#'###...#..#
<..........#.......#..#
.......†...#.......####
....########..##...##.##
....#......#..##...##..##
....'.....######.).#....###
....#.....##..##...'......#


You could see Duvessa (berserk, very poisoned).

Vanquished Creatures
  An ice beast (D:4)
  Dowan (D:4)
  A hound (D:4)
  An orc priest (D:2)
  A sleepcap (D:4)
  Terence (D:2)
  2 iguanas (D:4)
  Robin (D:2)
  3 adders
  3 worms (D:2)
  A dart slug (D:1)
  4 orcs
  4 ball pythons
  6 endoplasms
  4 giant cockroaches
  19 goblins
  4 hobgoblins
  2 jackals (D:2)
  A quokka (D:1)
  7 bats
  A frilled lizard (D:1)
  11 kobolds
  2 rats (D:1)
81 creatures vanquished.

Notes
Turn   | Place    | Note
-------+----------+-------------------------------------------
     0 | D:1      | monsoonserge the Djinni Venom Mage began the quest for the
                  | Orb.
     0 | D:1      | monsoonserge set off with the following spells memorised:
                  | Sting, Poisonous Vapours, Mephitic Cloud, Olgreb's Toxic
                  | Radiance.
     0 | D:1      | Reached XP level 1. HP: 15/15 MP: 0/0
    82 | D:1      | Reached XP level 2. HP: 2/21 MP: 0/0
   328 | D:1      | Reached skill level 3 in Spellcasting
   396 | D:1      | Reached XP level 3. HP: 23/25 MP: 0/0
   396 | D:1      | Learned a level 1 spell: Shock
   892 | D:2      | Found a faded altar of an unknown god.
   942 | D:2      | Reached XP level 4. HP: 6/31 MP: 0/0
  1125 | D:2      | Noticed Terence
  1135 | D:2      | Killed Terence
  1136 | D:2      | Reached skill level 4 in Spellcasting
  1136 | D:2      | Reached XP level 5. HP: 25/35 MP: 0/0
  1136 | D:2      | Learned a level 2 spell: Searing Ray
  1273 | D:2      | Noticed Robin
  1277 | D:2      | Killed Robin
  2335 | D:4      | Reached XP level 6. HP: 30/40 MP: 0/0
  2440 | D:4      | Reached skill level 5 in Spellcasting
  2558 | D:4      | Noticed an ice beast
  2565 | D:4      | Killed an ice beast
  2636 | D:4      | Reached XP level 7. HP: 40/46 MP: 0/0
  2636 | D:4      | Learned a level 3 spell: Dazzling Flash
  2889 | D:4      | Noticed Duvessa
  2889 | D:4      | Noticed Dowan
  2901 | D:4      | Killed Dowan
  2905 | D:4      | Slain by Duvessa

Illustrated notes

Levels and vault maps discovered:
D:1:      dpeg_arrival_round_a, layout_loops_cross
D:2:      layout_rooms, chequers_ecumenical_altar_island, nicolae_wormholes,
          uniq_terence, uniq_robin
D:3:      layout_rooms, nicolae_vehumet_altar_sigil,
          chequers_serial_rivers_marsh
D:4:      layout_gridville, gammafunk_ghost_nasty_kobolds, uniq_duvessa

Skill      XL: |  1  2  3  4  5  6 |
---------------+-------------------+-----
Spellcasting   | 3 4 5 |  5.7
Stealth        | 2 |  2.0
Fighting       | |  0.3
Dodging        | |  2.3

Action                     |  1- 3 |  4- 6 |  7- 9 || total
---------------------------+-------+-------+-------++-------
  Melee: Staff             |     3 |     4 |       ||     7
         Unarmed           |     1 |       |       ||     1
   Cast: Sting             |    35 |    33 |       ||    68
         Poisonous Vapours |    10 |    20 |       ||    30
         Shock             |    26 |    38 |     3 ||    67
         Mephitic Cloud    |       |     2 |     2 ||     4
         Searing Ray       |       |     5 |     3 ||     8
         Olgreb's Toxic Ra |       |       |     2 ||     2
   Stab: Confused          |       |     1 |       ||     1
 Armour: Robe              |     2 |     4 |       ||     6
  Dodge: Dodged            |    14 |    15 |       ||    29
